 Dungeon Crawl Stone Soup version 0.15.2 (webtiles) character file.

108 MuhBandages the Ruffian (level 4, -5/35 HPs)
             Began as a Mummy Monk on Nov 2, 2015.
             Killed from afar by an orc wizard (12 damage)
             ... with a puff of flame
             ... on Level 3 of the Dungeon.
             The game lasted 00:04:53 (3241 turns).

MuhBandages the Ruffian (Mummy Monk)                Turns: 3241, Time: 00:04:53

HP  -5/35        AC  1     Str 15      XL: 4   Next: 58%
MP   4/4         EV 13     Int  9      God:
Gold 107         SH  0     Dex 14      Spells:  0 memorised,  3 levels left

rFire  x . .     SeeInvis .       - Unarmed
rCold  + . .     Clarity  .     (no armour)
rNeg   + + +     rCorr    .     (no shield)
rPois  +         rRot     +     (no helmet)
rElec  .         Spirit   .     (no cloak)
SustAb .         Warding  .     c - +0 pair of gloves
rMut   .         Stasis   .     (no boots)
Gourm  .                        (no amulet)
MR     .....                    (no ring)
                                (no ring)

@: very slightly contaminated, not resistant to hostile enchantments, unstealthy
A: no food or potions, fire vulnerability, restore body, cold resistance 1,
negative energy resistance 3, poison resistance, torment resistance, unbreathing
a: no special abilities


You were on level 3 of the Dungeon.
You were not hungry.

You visited 1 branch of the dungeon, and saw 3 of its levels.

You collected 107 gold pieces.


Innate Abilities, Weirdness & Mutations

You do not eat or drink.
Your flesh is vulnerable to fire.
Your flesh is cold resistant.
You are immune to negative energy.
Your system is resistant to poisons.
You are immune to unholy pain and torment.
You can survive without breathing.


   Skills:
 - Level 3.0 Fighting
 - Level 2.4 Dodging
 - Level 1.5 Stealth
 + Level 5.0 Unarmed Combat


You had 3 spell levels left.
You didn't know any spells.

Inventory:

Armour
 c - a +0 pair of gloves (worn)
Comestibles
 a - a slice of pizza (quivered)
 g - a bread ration
 h - a beef jerky
Scrolls
 d - a scroll of identify {unknown}
 e - 3 scrolls of remove curse
 f - a scroll of teleportation {unknown}

Dungeon Overview and Level Annotations

Branches:
Dungeon (3/15)

Altars:
The Shining One

Annotations:
D:2 crazy yiuf

#.......<##.#.........
............)........#
#..8#8.###.....!....
#..#?#.###.....#.#.. #
.8#8..#......#.#..#
#..................#
##...##.#..#.#...(.
###.................
........@o...........
+##+#####............
#...............
####..#####..... .
+.....#...o..#
.....####.o#......###
..K........'......o.#
........#.##......#.#
....##.#.#######.#.####.


You could see an orc priest and an orc wizard.


Message History

The magic dart hits you!
Unknown command.
You hit the orc wizard.
The orc wizard is moderately wounded.
The orc wizard gestures wildly while chanting.
The orc wizard flickers and vanishes!
Deactivating autopickup; reactivate with Ctrl-A.
No target in view!
Unknown command.
You miss something. Something hits you.
* * * LOW HITPOINT WARNING * * *
You barely miss something.
Unknown command.
You hit something but do no damage.
You hear some strange, mumbled words.
The magic dart hits you!
* * * LOW HITPOINT WARNING * * *
Unknown command.
Read which item? (? for menu, Esc to quit)
Blink to where?
As you read the scroll labeled UMIWOI COHIBAG, it crumbles to dust.
You are very lightly contaminated with residual magic.
It was a scroll of blinking.
The orc priest shouts!
The kobold shouts!
The orc priest calls down the wrath of Beogh upon you.
You struggle to resist.
The orc wizard shouts!
The puff of flame hits you! The fire burns you terribly!
You die...

Action                   |  1- 3 |  4- 6 || total
-------------------------+-------+-------++-------
Melee: Unarmed           |   113 |    66 ||   179
  Use: Scroll            |     1 |     1 ||     2
 Stab: Sleeping          |     4 |     1 ||     5
       Distracted        |     1 |       ||     1

Vault maps used:
D:1:      denvon_arrival_waterhouse, minivault_5, minivault_4,
          patterned_corridor
D:2:      tso_altar, first_bread, uniq_crazy_yiuf_cottage
D:3:      minmay_statues_item

Notes
Turn   | Place    | Note
--------------------------------------------------------------
     0 | D:1      | MuhBandages, the Mummy Monk, began the quest for the Orb.
     0 | D:1      | Reached XP level 1. HP: 18/18 MP: 1/1
   456 | D:1      | Reached XP level 2. HP: 16/24 MP: 2/2
  1426 | D:2      | Found a glowing golden altar of the Shining One.
  1469 | D:2      | Reached skill level 4 in Unarmed Combat
  1568 | D:2      | Reached XP level 3. HP: 15/29 MP: 3/3
  1997 | D:2      | HP: 1/29 [adder (5)]
  2345 | D:2      | Reached XP level 4. HP: 33/35 MP: 4/4
  2815 | D:2      | Reached skill level 5 in Unarmed Combat
  3241 | D:3      | Killed from afar by an orc wizard

Vanquished Creatures
  5 adders (D:2)
  A worm (D:2)
  3 giant geckos
  3 oozes
  An orc (D:3)
  4 giant cockroaches
  7 goblins
  6 hobgoblins
  2 quokkas (D:2)
  5 bats
  5 giant newts
  4 kobolds
  5 rats
51 creatures vanquished.
